 Dungeon Crawl Stone Soup version 0.18.1-5-g4a78601 (webtiles) character file.

6 MDvedh the Magician (level 1, -1/13 HPs)
             Began as a Mummy Wizard on May 9, 2016.
             Slain by a rat (3 damage)
             ... on level 1 of the Dungeon.
             The game lasted 00:00:36 (331 turns).

MDvedh the Magician (Mummy Wizard)                   Turns: 331, Time: 00:00:37

Health: -1/13      AC:  2    Str: 10    XL:     1   Next: 75%
Magic:  2/4        EV: 12    Int: 17    God:
Gold:   12         SH:  0    Dex: 10    Spells: 1 memorised, 5 levels left

rFire  x . .     SeeInvis .     h - +0 short sword
rCold  + . .     Gourm    .     a - +0 robe
rNeg   + + +     Faith    .     (no shield)
rPois  ∞         Spirit   .     b - +0 hat
rElec  .         Dismiss  .     (no cloak)
rCorr  .         Reflect  .     (no gloves)
SustAt .         Harm     .     (no boots)
MR     .....                    (no amulet)
Stlth  ++........               (no ring)
                                (no ring)

@: very slightly contaminated, not resistant to hostile enchantments, unstealthy
A: no food or potions, fire vulnerability, cold resistance 1, negative energy
resistance 3, torment resistance, unbreathing
a: no special abilities


You were on level 1 of the Dungeon.
You were not hungry.

You visited 1 branch of the dungeon, and saw 1 of its levels.

You collected 12 gold pieces.

Inventory:

Hand Weapons
 h - a +0 short sword (weapon)
Armour
 a - a +0 robe (worn)
 b - a +0 hat (worn)
Scrolls
 d - a scroll of teleportation {unknown}
 e - a scroll of identify {unknown}
 f - a scroll of enchant weapon {unknown}
 g - a scroll of remove curse {unknown}
 i - a scroll of random uselessness {unknown}
Books
 c - a book of Minor Magic

   Spells                             Type                      Level
   a - Magic Dart                     Conjuration                  1
   b - Blink                          Translocation                2
   c - Call Imp                       Summoning                    2
   d - Repel Missiles                 Charms/Air                   2
   e - Slow                           Hexes                        2
   f - Conjure Flame                  Conjuration/Fire             3
   g - Mephitic Cloud                 Conjuration/Poison/Air       3


   Skills:
 - Level 1.5 Dodging
 - Level 1.5 Stealth
 + Level 3.2 Spellcasting
 * Level 1.1 Conjurations
   Level 0.7 Summonings
   Level 0.7 Translocations


You had 5 spell levels left.
You knew the following spells:

 Your Spells              Type           Power        Failure   Level  Hunger
a - Magic Dart            Conj           #...         14%         1    N/A

Dungeon Overview and Level Annotations

Branches:
Dungeon (1/15)

Altars:


Innate Abilities, Weirdness & Mutations

You do not eat or drink.
Your flesh is vulnerable to fire.
You are immune to poison.
Your flesh is cold resistant.
You are immune to negative energy.
You are immune to unholy pain and torment.
You can survive without breathing.


Message History

* * * LOW HITPOINT WARNING * * *
Casting: Magic Dart
Confirm with . or Enter, or press ? or * to list all spells.
Aiming: Magic Dart
Press: ? - help, Shift-Dir - straight line, f - rat
Aim: a rat You miscast Magic Dart.
You are very lightly contaminated with residual magic.
Nothing appears to happen.
The rat bites you but does no damage. The kobold barely misses you.
Unknown command.
Casting: Magic Dart
Confirm with . or Enter, or press ? or * to list all spells.
Aiming: Magic Dart
Press: ? - help, Shift-Dir - straight line, f/p - rat
Aim: a rat The magic dart hits the rat.
The rat is severely wounded.
The rat bites you.
You die...

..........................
.###...##############....
#...# #....
..###...####### #....
..............# #....
..###...####..... #....
...........# ... #####
.#########.#.....
......Kr@........
#......##.#...... #......
#.#...... ....... #.#
..... ....... #.# ##.##
#...... #.# .# # ####
##..... #.# + ≈#≈≈≈#
##.... .# #≈##≈# #≈#≈≈#


You could see a kobold and a rat.

Vanquished Creatures
  A giant cockroach (D:1)
  2 goblins (D:1)
  2 kobolds (D:1)
  A rat (D:1)
6 creatures vanquished.

Notes
Turn   | Place    | Note
--------------------------------------------------------------
     0 | D:1      | MDvedh the Mummy Wizard began the quest for the Orb.
     0 | D:1      | Reached XP level 1. HP: 13/13 MP: 4/4
    16 | D:1      | Reached skill level 1 in Conjurations
   331 | D:1      | Slain by a rat

Skill      XL: |  1 |
---------------+----+-----
Conjurations   | 1 |  1.1
Dodging        | |  1.5
Stealth        | |  1.5
Spellcasting   | |  3.2
Summonings     | |  0.7
Translocations | |  0.7

Action                   || total
-------------------------++-------
Melee: Unarmed           ||     7
       Short sword       ||     5
 Cast: Magic Dart        ||     9
Armor: Robe              ||     3
Dodge: Dodged            ||     8
